Description

Standart Opener Zerg

Build Order

Get SALT Encoding   

  13  0:12  Overlord  
  17  0:54  Hatchery  
  17  1:11  Spawning Pool  
  19  1:28  Overlord  
  21  2:00  Queen x2  
  23  2:06  Zergling x4  
  28  2:34  Spine Crawler  
  32  2:39  Overlord  
  36  2:50  Queen x2  
  40  3:10  Extractor x3  
  40  3:20  Overlord  
  49  4:05  Lair  
  51  4:10  Evolution Chamber x2  
  51  4:15  Roach Warren  
  51  4:20  Overlord  
  55  4:50  Zerg Melee Weapons Level 1, Zerg Ground Armor Level 1  
  55  4:55  Overlord  
  65  5:40  Hatchery  
  65  5:50  Glial Reconstitution  
Spawning Tool Build Advisor. Get it on Overwolf

Analysis

Drone B3 during your push with roach or roach ravager

Go to:

Details

  • Created by: xMamba77
  • Published on: Mar 26, 2019
  • Modified on: Mar 26, 2019
  • Patch: 4.7.1
Show
View Real Time Build Order
Export as new Build Order

Comments (0)

There are no comments. Be the first!

Create an account to comment!